 Dungeon Crawl Stone Soup version 0.28-a0-479-g5baa6b73be (webtiles) character file.

Game seed: 6489478073409843241

325 sleeves the Slasher (level 6, -6/70 HPs)
             Began as a Barachi Cinder Acolyte on Sept 17, 2021.
             Was a High Priest of Ignis.
             Mangled by a gnoll (8 damage)
             ... on level 4 of the Dungeon.
             The game lasted 00:07:57 (4860 turns).

sleeves the Slasher (Barachi Cinder Acolyte)        Turns: 4860, Time: 00:07:58

Health: -6/70      AC:  4    Str: 15    XL:     6   Next: 48%
Magic:  1/7        EV:  6    Int: 16    God:    Ignis [*****.]
Gold:   197        SH:  0    Dex:  8    Spells: 5/7 levels left

rFire   + + .      SeeInvis .   g - +1 short sword (flame)
rCold   x . .      Faith    .   c - +0 buckler
rNeg    . . .      Spirit   .   j - +0 leather armour
rPois   .          Reflect  +   q - +0 helmet
rElec   .          Harm     .   (no cloak)
rCorr   .          Rampage  .   (no gloves)
Will    .....                   (no boots)
Stlth   ..........              l - amulet of reflection
HPRegen 0.21/turn               s - ring of fire
MPRegen 0.10/turn               (no ring)

@: berserking, held, very quick
A: amphibious, slowness 1, strong legs 1, +LOS
a: Hop, Renounce Religion, Sea of Fire, Foxfire Swarm, Rising Flame


You were on level 4 of the Dungeon.
You worshipped Ignis.
Ignis was extremely pleased with you.
You visited 1 branch of the dungeon, and saw 4 of its levels.

You collected 197 gold pieces.

Inventory:

Hand Weapons
 a - a -1 falchion of flaming
 g - a +1 short sword of flaming (weapon)
   (You took it off a kobold on level 1 of the Dungeon)
 k - a +3 dagger of holy wrath
   (You took it off a goblin on level 2 of the Dungeon)
Missiles
 n - 2 throwing nets
Armour
 c - a +0 buckler (worn)
   (You found it on level 1 of the Dungeon)
 j - a +0 leather armour (worn)
   (You found it on level 2 of the Dungeon)
 q - a +0 helmet (worn)
   (You took it off Robin on level 3 of the Dungeon)
Jewellery
 l - an amulet of reflection (around neck)
   (You found it on level 3 of the Dungeon)
 s - a ring of fire (left hand)
   (You found it on level 3 of the Dungeon)
Scrolls
 d - 2 scrolls of identify {unknown}
 f - a scroll of enchant weapon {unknown}
 i - a scroll of teleportation {unknown}
Potions
 b - a potion of berserk rage
 e - a potion of curing
 h - a potion of haste {unknown}
 m - a potion of flight {unknown}
 o - a potion of brilliance {unknown}
 p - a potion of attraction {unknown}
 r - a potion of invisibility {unknown}


   Skills:
 - Level 3.6 Fighting
 + Level 6.6 Long Blades
 - Level 4.0 Shields
 - Level 1.1 Spellcasting
 - Level 4.0 Fire Magic


You had 5 spell levels left.
You knew the following spells:

 Your Spells              Type           Power      Damage    Failure   Level
a - Scorch                Fire           40%        2d7       9%          2

Your spell library contained the following spells:

 Spells                   Type           Power      Damage    Failure   Level
 Corpse Rot               Necr/Air       N/A        N/A       38%         2
 Poisonous Vapours        Pois/Air       0%         N/A       38%         2


Dungeon Overview and Level Annotations

Branches:
Dungeon (4/15)
 Temple: D:4-7

Altars:
Cheibriados
Elyvilon
Sif Muna


Innate Abilities, Weirdness & Mutations

You are amphibious.
You cover ground slowly.
You can hop short distances.
You have an extended range of vision and can be seen from far away.


Message History

Your Shields skill increases to level 2!
No target in view!
No target in view!
HP restored.
Found a stone staircase leading down.
There is a stone staircase leading down here.
BeowulfAlex's ghost turns its malevolent gaze towards you.
The giant cockroach simulacrum waves its antennae.
Key pressed, stopping explore.
The white imp shouts!
BeowulfAlex's ghost whispers something so quietly that you cannot hear it.
You now have 99 gold pieces (gained 3).
Found a runed translucent gate.
Found a robe.
You see here a +0 robe.
Found a stone staircase leading up.
l - an amulet of reflection
Found an escape hatch in the floor.
A ball python comes into view.
The ball python hisses angrily.
Flames lash the ball python.
You kill the ball python!
You hear a shout!
No target in view!
A kobold comes into view.
It is wielding a +0 club and quivering poisoned darts.
A kobold is nearby!
A kobold is nearby!
You start putting on your amulet.
You continue putting on your amulet of reflection. x2
The kobold throws a poisoned dart.
Keep equipping yourself? [Y]es or [N]o only, please.
Keep equipping yourself? [Y]es or [N]o only, please.
Keep equipping yourself? [Y]es or [N]o only, please.
Keep equipping yourself? [Y]es or [N]o only, please.
Keep equipping yourself? [Y]es or [N]o only, please.
Keep equipping yourself?
You stop putting on your amulet.
The poisoned dart closely misses you.
Flames lash the kobold.
You kill the kobold!
You start putting on your amulet.
You continue putting on your amulet of reflection. x5
You finish putting on your amulet of reflection.
You feel a shielding aura gather around you.
l - an amulet of reflection (around neck)
Things that are here:
a +0 club; 4 poisoned darts Key pressed, stopping explore.
The white imp shouts!
The white imp sputters.
A goblin is nearby!
The white imp grinds its teeth.
The goblin closely misses you.
You closely miss the goblin. The goblin hits you but does no damage.
You hit the goblin. You burn the goblin.
You kill the goblin!
No reachable target in view!
No reachable target in view!
You start putting on your armour.
You continue putting on your +0 buckler. x4
You finish putting on your +0 buckler.
Unknown command.
Unknown command.
Unknown command.
Unknown command.
BeowulfAlex's ghost whispers, "The ORB doesn't exist."
Things that are here:
a +0 dagger; a goblin corpse A hobgoblin comes into view.
The hobgoblin shouts!
A hobgoblin is nearby!
A hobgoblin is nearby!
A hobgoblin is nearby!
The hobgoblin barely misses you.
You puncture the hobgoblin! You burn the hobgoblin.
You kill the hobgoblin!
No target in view!
No target in view!
No target in view!
No target in view!
No target in view!
You see here a hobgoblin corpse.
An endoplasm is nearby!
An endoplasm is nearby!
An endoplasm is nearby!
An endoplasm is nearby!
The endoplasm quivers.
Flames lash the endoplasm.
You kill the endoplasm!
No target in view!
No target in view!
m - a metallic dark potion
d - 2 scrolls labelled DYECRELAEKK (gained 1)
You see here 6 javelins.
A ball python comes into view.
The ball python hisses angrily.
A ball python is nearby!
You barely miss the ball python. You block the ball python's attack. x2
You hit the ball python. You burn the ball python.
You kill the ball python!
No target in view!
No target in view!
No target in view!
You see here a ball python corpse.
An orc is nearby!
An orc is nearby!
An orc is nearby!
The orc shouts!
A kobold comes into view. It is wielding a +0 whip.
You closely miss the orc. You block the orc's attack.
You closely miss the orc. The orc hits you with a +0 club.
You barely miss the orc. The orc hits you but does no damage.
You hit the orc but do no damage.
A ball python comes into view.
You block the orc's attack.
You completely miss the orc.
The ball python hisses angrily.
The orc hits you but does no damage.
You hit the orc. You burn the orc.
You kill the orc!
You closely miss the kobold. You block the kobold's attack.
You hit the kobold. You burn the kobold.
The kobold is severely wounded.
The kobold hits you with a +0 whip.
You closely miss the kobold.
The kobold is severely wounded.
You block the kobold's attack.
You hit the kobold but do no damage.
The kobold is severely wounded.
The kobold closely misses you.
You puncture the kobold! You burn the kobold.
You kill the kobold!
The ball python closely misses you. The ball python misses you.
You hit the ball python. You burn the ball python.
The ball python is heavily wounded.
The ball python misses you. You block the ball python's attack.
You closely miss the ball python.
The ball python is heavily wounded.
The ball python bites you. The ball python grabs you.
The ball python constricts you.
You hit the ball python. You burn the ball python.
You kill the ball python!
No target in view!
No target in view!
No target in view!
No target in view!
No target in view!
No target in view!
Items here: ( )) [ ††.
The gnoll shouts!
A gnoll is nearby!
Flames lash the gnoll but do no damage.
Flames lash the gnoll.
The gnoll is severely wounded.
The gnoll's fire resistance burns away.
The gnoll shouts!
You hear a shout!
You hit the gnoll but do no damage.
The gnoll is severely wounded.
You block the gnoll's attack.
You puncture the gnoll! You burn the gnoll.
You kill the gnoll!
You have reached level 5!
The gnoll throws a throwing net.
The throwing net hits you.
You become entangled in the net!
You see here a throwing net.
You struggle against the net.
You struggle against the net.
The gnoll shouts!
You struggle against the net.
You rip the net and break free!
The gnoll throws a stone.
The stone hits you. The gnoll closely misses you.
Flames lash the gnoll.
The gnoll is moderately wounded.
The gnoll's fire resistance burns away.
* * * LOW MAGIC WARNING * * *
The gnoll closely misses you. You block the gnoll's attack.
You hit the gnoll. You burn the gnoll.
The gnoll is heavily wounded.
You hit the gnoll. You burn the gnoll.
You kill the gnoll!
You hit the gnoll. You burn the gnoll.
The gnoll is heavily wounded.
You block the gnoll's attack.
You hit the gnoll. You burn the gnoll.
The gnoll is almost dead.
The gnoll hits you with a +0 whip.
You barely miss the gnoll.
The gnoll is almost dead.
The gnoll closely misses you.
You hit the gnoll. You burn the gnoll.
You kill the gnoll!
The gnoll throws a stone.
You reflect the stone off an invisible shield around you!
The stone hits the gnoll.
Things that are here:
a +0 whip; a gnoll corpse You barely miss the gnoll.
The gnoll is moderately wounded.
The gnoll barely misses you.
You hit the gnoll. You burn the gnoll.
The gnoll is moderately wounded.
You block the gnoll's attack. The gnoll closely misses you.
You hit the gnoll. You burn the gnoll.
The gnoll is severely wounded.
You hit the gnoll. You burn the gnoll.
You kill the gnoll!
No target in view!
No target in view!
No target in view!
n - a throwing net
Items here: ( )) ††.
Found a white marble altar of Elyvilon.
The kobold shouts!
The kobold throws a stone.
The stone hits you.
You swing at nothing.
You swing at nothing.
You swing at nothing.
You swing at nothing.
You swing at nothing.
You swing at nothing.
No reachable target in view!
No reachable target in view!
No reachable target in view!
The kobold throws a stone.
The stone hits you but does no damage.
The kobold throws a stone.
The stone barely misses you.
Found a snail-covered altar of Cheibriados.
The kobold throws a stone.
You reflect the stone off an invisible shield around you!
The stone misses the kobold.
You see here a +0 robe.
The kobold throws a stone.
The stone hits you but does no damage.
The kobold throws a stone.
The stone barely misses you.
The kobold throws a stone.
You reflect the stone off an invisible shield around you!
The stone hits the kobold but does no damage.
A kobold comes into view. It is wielding a +0 short sword.
The kobold throws a stone.
You reflect the stone off an invisible shield around you!
The stone barely misses the kobold.
Flames lash the kobold.
The kobold is severely wounded.
The kobold's fire resistance burns away.
The kobold throws a stone.
The stone hits you but does no damage.
Flames lash the kobold.
You kill the kobold!
You hear a shout! x5
The kobold throws a stone.
The stone barely misses you.
You can't see any susceptible monsters within range! (Use Z to cast anyway.) Flames lash the kobold.
The kobold is burned terribly!
You kill the kobold!
* * * LOW MAGIC WARNING * * *
You hear a shout! 2 goblins and a hobgoblin come into view.
The goblin shouts!
The hobgoblin shouts!
The goblin shouts!
A goblin comes into view. It is wielding a +0 dagger.
The goblin shouts!
A goblin comes into view. It is wielding a +0 club.
Robin of the Strong Arm comes into view.
They are wielding a +0 falchion.
The goblin moves out of view. 2 goblins come into view.
The goblin shouts! x2
The goblin completely misses you. Robin throws the goblin at you!
A hobgoblin comes into view.
A goblin comes into view. It is wielding a +0 club.
The goblin hits you with a +0 dagger.
The goblin moves out of view.
Hop to where?
Press: ? - help, Dir - move target Boing!
You block the goblin's attack. The goblin hits you with a +0 dagger.
You hit the goblin. You burn the goblin.
You kill the goblin!
The goblin closely misses you.
Things that are here:
a +0 dagger; a goblin corpse You hit the goblin.
You burn the goblin.
You kill the goblin!
The goblin misses you.
There is an escape hatch in the ceiling here.
You hit the goblin. You burn the goblin.
You kill the goblin!
You hit the hobgoblin. You burn the hobgoblin.
The hobgoblin is heavily wounded.
You block the hobgoblin's attack.
You hit the hobgoblin but do no damage.
The hobgoblin is heavily wounded.
The hobgoblin hits you.
Robin roars a battlecry!
The hobgoblin goes into a battle-frenzy!
A mysterious force pulls you upwards. The hatch slams shut behind you.
You hit the hobgoblin. You burn the hobgoblin.
You kill the hobgoblin!
No target in view!
No target in view!
(D) Dungeon
Where to? (Enter - D:2 @ (x,y), ? - help)
There is a stone staircase leading down here.
You climb downwards.
Level annotation: 3 runed translucent doors, BeowulfAlex's ghost, weakling NaDe; Robin Magic restored.
There is a stone staircase leading up here.
A goblin is nearby!
A goblin is nearby!
A goblin is nearby!
A goblin is nearby!
The goblin shouts!
You hear a shout!
You barely miss the goblin. The goblin closely misses you.
You hit the goblin. You burn the goblin.
You kill the goblin!
You block the goblin's attack.
You puncture the goblin! You burn the goblin.
You kill the goblin!
No target in view!
No target in view!
The goblin shouts!
A goblin comes into view. It is wielding a +0 dagger.
You see here a +0 club.
There are monsters nearby!
There are monsters nearby!
The goblin hits you but does no damage.
You closely miss the goblin.
You are ready to hop once more.
The goblin hits you but does no damage.
You closely miss the goblin. You block the goblin's attack.
The goblin hits you but does no damage.
You hit the goblin. You burn the goblin.
You kill the goblin!
The goblin closely misses you.
Your Shields skill increases to level 3!
You miss the goblin. You block the goblin's attack.
You closely miss the goblin. The goblin hits you with a +0 dagger.
You closely miss the goblin. You block the goblin's attack.
You closely miss the goblin. You closely miss the goblin.
The goblin hits you with a +0 dagger.
You hit the goblin. You burn the goblin.
You kill the goblin!
No target in view!
No target in view!
HP restored.
Things that are here:
a +0 dagger; a goblin corpse You see here a +0 dagger.
Things that are here:
4 stones; a +0 short sword
Found a stone staircase leading down.
An endoplasm comes into view.
An endoplasm is nearby!
The endoplasm quivers.
No reachable target in view!
No reachable target in view!
No reachable target in view!
You can't see any susceptible monsters within range! (Use Z to cast anyway.)
You can't see any susceptible monsters within range! (Use Z to cast anyway.)
You block the endoplasm's attack.
You hit the endoplasm. You burn the endoplasm.
The endoplasm is almost dead.
The endoplasm hits you.
You hit the endoplasm. You burn the endoplasm.
You kill the endoplasm!
No reachable target in view!
No reachable target in view!
A giant cockroach is nearby!
A giant cockroach is nearby!
A giant cockroach is nearby!
No reachable target in view!
No reachable target in view!
No reachable target in view!
You can't see any susceptible monsters within range! (Use Z to cast anyway.)
You can't see any susceptible monsters within range! (Use Z to cast anyway.)
You can't see any susceptible monsters within range! (Use Z to cast anyway.) No reachable target in view!
You see here a brown potion.
o - an amethyst potion Flames lash the giant cockroach.
You kill the giant cockroach!
You can't see any susceptible monsters within range! (Use Z to cast anyway.)
p - a brown potion You pick up a book of Vapours and begin reading...
You add the spells Poisonous Vapours and Corpse Rot to your library.
You now have 104 gold pieces (gained 5).
You open the door.
Found a shimmering blue altar of Sif Muna.
There is an open door here.
There is an open door here.
You see here a +0 ring mail.
You now have 121 gold pieces (gained 17).
Things that are here:
4 stones; a +0 whip; a kobold skeleton
Things that are here:
a +0 dagger; a goblin skeleton
Things that are here:
a +0 dagger; a goblin skeleton
There is a stone staircase leading down here.
You open the door.
There is an open door here.
You now have 143 gold pieces (gained 22).
There is an open door here.
Things that are here:
a +0 dagger; a goblin skeleton
Found a robe.
There is an escape hatch in the floor here.
The goblin shouts!
There are monsters nearby!
There are monsters nearby!
Robin shouts!
A goblin comes into view. It is wielding a +0 dagger.
The goblin shouts!
Robin throws the goblin at you! The goblin hits you but does no damage.
You see here a +0 dagger.
You hit the goblin but do no damage. The goblin hits you with a +0 dagger.
You hit the goblin. You burn the goblin.
The goblin is severely wounded.
You block the goblin's attack.
You hit the goblin. You burn the goblin.
You kill the goblin!
You hit the goblin. You burn the goblin.
You kill the goblin!
You block the hobgoblin's attack. Robin hits you with a +0 falchion.
You see here a +0 club.
You hit Robin. You burn Robin.
Robin is moderately wounded.
The hobgoblin closely misses you.
Robin says, "Feeling lonely?"
Robin hits you with a +0 falchion.
You hit Robin but do no damage.
Robin is moderately wounded.
The hobgoblin hits you. Robin misses you.
You hit Robin. You burn Robin.
Robin is heavily wounded.
You block the hobgoblin's attack. Robin hits you with a +0 falchion.
You barely miss the hobgoblin.
The hobgoblin hits you but does no damage.
Robin hits you with a +0 falchion.
You closely miss the hobgoblin. The hobgoblin hits you.
Robin hits you but does no damage.
You are too injured to fight recklessly!
Casting: Scorch (safe; 10% risk of failure)
Confirm with . or Enter, or press ? or * to list all spells.
Flames lash the hobgoblin.
You kill the hobgoblin!
Robin barely misses you.
Casting: Scorch (safe; 10% risk of failure)
Confirm with . or Enter, or press ? or * to list all spells.
You miscast Scorch.
You are very lightly contaminated with residual magic.
Nothing appears to happen.
Robin hits you with a +0 falchion.
* * * LOW HITPOINT WARNING * * *
Casting: Scorch (safe; 10% risk of failure)
Confirm with . or Enter, or press ? or * to list all spells.
Flames lash Robin.
Robin is severely wounded.
Robin's fire resistance burns away.
* * * LOW MAGIC WARNING * * *
Robin hits you with a +0 falchion.
* * * LOW HITPOINT WARNING * * *
You are too injured to fight recklessly!
Unknown command.
You hit Robin. You burn Robin.
You kill Robin!
q - a +0 helmet
Things that are here:
a +0 falchion; a +0 animal skin You start resting.
Your magical contamination has completely faded away.
You start putting on your armour.
You continue putting on your +0 helmet. x4
You finish putting on your +0 helmet.
You start resting.
The giant cockroach simulacrum waves its antennae.
BeowulfAlex's ghost turns its malevolent gaze towards you.
The giant cockroach simulacrum waves its antennae.
Magic restored.
Okay, then.
Drop what? 17/52 slots (_ for help) (? for menu, Esc to quit)
You drop a +0 robe.
BeowulfAlex's ghost tries to blend into its surroundings.
BeowulfAlex's ghost shrieks, "You must not succeed where I failed!"
BeowulfAlex's ghost lets out a mournful wail.
The white imp spits at you. The white imp puffs mist at you.
Key pressed, stopping explore.
The white imp shouts, "Away with thee, thou obnoxious clay-brained deadneck!"
Key pressed, stopping explore.
HP restored.
You see here a +0 club.
Things that are here:
a +0 dagger; a goblin corpse
Press: ? - help, v - describe, . - travel, g - get item
Items here: a +0 dagger; a goblin corpse.
The floor.
Unknown command.
Unknown command.
Unknown command.
Unknown command.
Unknown command.
Unknown command.
You open the gate.
Hop to where?
Press: ? - help, Dir - move target Boing!
The white imp gestures at you. The puff of frost hits you.
Casting: Scorch (safe; 10% risk of failure)
Confirm with . or Enter, or press ? or * to list all spells.
You can't see any susceptible monsters within range! (Use Z to cast anyway.)
Casting: Scorch (safe; 10% risk of failure)
Confirm with . or Enter, or press ? or * to list all spells.
Flames lash the white imp.
The white imp is burned terribly!
The white imp is moderately wounded.
The white imp's fire resistance burns away.
Casting: Scorch (safe; 10% risk of failure)
Confirm with . or Enter, or press ? or * to list all spells.
You miscast Scorch.
You are very lightly contaminated with residual magic.
Nothing appears to happen.
The white imp is no longer more vulnerable to fire.
You block the white imp's attack.
There is a stone staircase leading up here.
You block the white imp's attack.
You climb upwards.
There is a stone staircase leading down here.
You hit the white imp. You burn the white imp.
The white imp is severely wounded.
You block the white imp's attack.
Your magical contamination has completely faded away.
You barely miss the white imp.
The white imp is severely wounded.
You block the white imp's attack.
You hit the white imp. You burn the white imp.
You kill the white imp!
You start resting.
You are ready to hop once more.
You start resting.
HP restored.
You climb downwards.
Level annotation: BeowulfAlex's ghost, weakling NaDe The giant cockroach simulacrum closely misses you.
There is a stone staircase leading up here.
You climb upwards.
There is a stone staircase leading down here.
Casting: Scorch (safe; 10% risk of failure)
Confirm with . or Enter, or press ? or * to list all spells.
You miscast Scorch.
You are very lightly contaminated with residual magic.
Nothing appears to happen.
BeowulfAlex's ghost hits you.
Casting: Scorch (safe; 10% risk of failure)
Confirm with . or Enter, or press ? or * to list all spells.
Flames lash BeowulfAlex's ghost.
BeowulfAlex's ghost is moderately damaged.
BeowulfAlex's ghost's fire resistance burns away.
BeowulfAlex's ghost hits you but does no damage.
You hit BeowulfAlex's ghost. You burn BeowulfAlex's ghost.
BeowulfAlex's ghost is moderately damaged.
BeowulfAlex's ghost hits you.
You barely miss BeowulfAlex's ghost.
BeowulfAlex's ghost is moderately damaged.
BeowulfAlex's ghost tries to sneak away.
BeowulfAlex's ghost hits you.
You hit BeowulfAlex's ghost. You burn BeowulfAlex's ghost.
BeowulfAlex's ghost is heavily damaged.
BeowulfAlex's ghost hits you.
You closely miss BeowulfAlex's ghost.
BeowulfAlex's ghost is heavily damaged.
BeowulfAlex's ghost hits you.
Press: ? - help, v - describe, . - travel
Here: BeowulfAlex's ghost (heavily damaged, more vulnerable to fire)
The floor.
Unknown command.
Unknown command.
Unknown command.
Unknown command.
Unknown command.
Unknown command.
Unknown command.
You hit BeowulfAlex's ghost. You burn BeowulfAlex's ghost.
BeowulfAlex's ghost is almost destroyed.
BeowulfAlex's ghost is no longer more vulnerable to fire.
BeowulfAlex's ghost hits you.
* * * LOW HITPOINT WARNING * * *
You hit BeowulfAlex's ghost but do no damage.
BeowulfAlex's ghost is almost destroyed.
You block BeowulfAlex's ghost's attack.
Your magical contamination has completely faded away.
Casting: Scorch (safe; 10% risk of failure)
Confirm with . or Enter, or press ? or * to list all spells.
Flames lash BeowulfAlex's ghost.
You destroy BeowulfAlex's ghost!
* * * LOW MAGIC WARNING * * *
Your Long Blades skill increases to level 6!
You have reached level 6!
Your experience leads to an increase in your attributes!
Increase (S)trength, (I)ntelligence, or (D)exterity?
You feel clever.
You start resting.
Magic restored.
You start resting.
HP restored.
You climb downwards.
The giant cockroach simulacrum closely misses you.
The quokka simulacrum barely misses you.
The giant cockroach simulacrum bites you.
The giant cockroach simulacrum freezes you.
The quokka simulacrum misses you.
There is a stone staircase leading up here.
You hit the giant cockroach simulacrum.
You melt the giant cockroach simulacrum.
The giant cockroach simulacrum vaporises!
The quokka simulacrum closely misses you.
You hit the quokka simulacrum.
You melt the quokka simulacrum.
The quokka simulacrum vaporises!
No target in view!
No target in view!
An adder simulacrum is nearby!
An adder simulacrum is nearby!
An adder simulacrum is nearby!
An adder simulacrum is nearby!
An adder simulacrum is nearby!
You can't see any susceptible monsters within range! (Use Z to cast anyway.) Flames lash the adder simulacrum.
The adder simulacrum melts!
The adder simulacrum vaporises!
No target in view!
Magic restored.
You see here a +0 dagger.
There is an open translucent gate here.
b - a fuming grey potion You now have 157 gold pieces (gained 14).
r - a lumpy green potion A ball python simulacrum is nearby!
A ball python simulacrum is nearby!
A ball python simulacrum is nearby!
A ball python simulacrum is nearby!
Flames lash the ball python simulacrum.
The ball python simulacrum melts!
The ball python simulacrum vaporises!
You can't see any susceptible monsters within range! (Use Z to cast anyway.)
b - 2 fuming grey potions (gained 1)
s - a ring of fire You now have 171 gold pieces (gained 14).
You now have 182 gold pieces (gained 11).
Done exploring.
Done exploring.
Done exploring.
Okay, then.
Done exploring.
Done exploring.
(D) Dungeon
Where to? (Enter - D:3, ? - help)
There is an open translucent gate here.
You see here a +0 dagger.
There is an escape hatch in the floor here.
There is a stone staircase leading down here.
You climb downwards.
The gnoll shouts! x2; You hear a shout!
There is a stone staircase leading up here.
There are monsters nearby!
You feel more attuned to fire.
s - a ring of fire (left hand)
A gnoll comes into view. It is wielding a +0 club.
The gnoll throws a throwing net.
The throwing net barely misses you.
You feel a surge of power!
Flames lash the gnoll.
The gnoll is heavily wounded.
The gnoll's fire resistance burns away.
The kobold throws a stone.
The stone barely misses you. The gnoll hits you but does no damage.
You climb upwards.
There is a stone staircase leading down here.
You see here a +0 dagger.
There is a stone staircase leading down here.
You start resting.
Magic restored.
You climb downwards.
There is a stone staircase leading up here.
A ball python and a gnoll come into view.
The gnoll shouts!
The ball python hisses angrily.
There are monsters nearby!
The ball python barely misses you. The ball python misses you.
You barely miss the ball python.
The ball python bites you but does no damage.
You block the ball python's attack.
You puncture the ball python! You burn the ball python.
You kill the ball python!
There is a stone staircase leading up here.
The kobold throws a stone.
You reflect the stone off an invisible shield around you!
The stone barely misses the kobold.
You hit the gnoll. You burn the gnoll.
The gnoll is moderately wounded.
The gnoll hits you with a +0 flail!
You hit the gnoll. You burn the gnoll.
The gnoll is severely wounded.
The gnoll barely misses you.
You barely miss the gnoll.
The gnoll is severely wounded.
You block the gnoll's attack.
You feel a surge of power!
Flames lash the gnoll.
You kill the gnoll!
The kobold throws a stone.
The stone hits you but does no damage.
You feel a surge of power!
Flames lash the kobold.
You kill the kobold!
The gnoll hits you from afar with a +0 halberd of pain.
The gnoll hits you from afar with a +0 halberd of pain!
* * * LOW HITPOINT WARNING * * *
You climb upwards.
There is a stone staircase leading down here.
You start resting.
Magic restored.
Unknown command.
You see here a +0 dagger.
You see here a +0 dagger.
There is a stone staircase leading down here.
You start resting.
HP restored.
You climb downwards.
The adder hisses angrily.
There is a stone staircase leading up here.
You feel a surge of power!
Flames lash the adder.
The adder is severely wounded.
The adder's fire resistance burns away.
You feel a surge of power!
Flames lash the adder.
The adder is burned terribly!
You kill the adder!
You climb upwards.
There is a stone staircase leading down here.
You start resting.
Magic restored.
You see here a +0 dagger.
There is a stone staircase leading down here.
You climb downwards.
The gnoll shouts! x2
There is a stone staircase leading up, spattered with blood here.
You feel a surge of power!
Flames lash the gnoll.
The gnoll is moderately wounded.
The gnoll's fire resistance burns away.
You feel a surge of power!
Flames lash the gnoll.
The gnoll is severely wounded.
The gnoll's fire resistance burns away.
You hit the gnoll but do no damage. The gnoll hits you with a +0 club.
You hit the gnoll. You burn the gnoll.
The gnoll is severely wounded.
The gnoll closely misses you.
You hit the gnoll. You burn the gnoll.
You kill the gnoll!
You feel a surge of power!
Flames lash the gnoll.
The gnoll is heavily wounded.
The gnoll's fire resistance burns away.
The gnoll is no longer more vulnerable to fire.
The gnoll hits you from afar with a +0 halberd of pain.
The gnoll hits you from afar with a +0 halberd of pain!
You climb upwards.
There is a stone staircase leading down here.
You start resting.
Magic restored.
You see here a +0 dagger.
You see here a +0 dagger.
There is a stone staircase leading down here.
You climb downwards.
There is a stone staircase leading up here.
The gnoll is no longer more vulnerable to fire.
You can't see any susceptible monsters within range! (Use Z to cast anyway.)
You feel a surge of power!
Flames lash the gnoll.
The gnoll is moderately wounded.
The gnoll's fire resistance burns away.
You feel a surge of power!
Flames lash the gnoll.
The gnoll is burned terribly!
You kill the gnoll!
You feel a surge of power!
Flames lash the gnoll.
The gnoll is severely wounded.
The gnoll's fire resistance burns away.
You don't have enough magic to cast this spell.
The gnoll hits you with a +0 spear.
You hit the gnoll. You burn the gnoll.
You kill the gnoll!
No target in view!
No target in view!
Things that are here:
a +0 spear; a +0 halberd of pain; a gnoll corpse HP restored.
Magic restored.
n - 2 throwing nets (gained 1)
Things that are here:
4 stones; a +0 dagger; a ball python skeleton You see here a +0 flail.
Things that are here:
a +0 club; a gnoll corpse
Found a stone staircase leading up.
Found 21 stones.
Found a scale mail.
You see here 21 stones.
Found 18 sling bullets.
Found 28 stones.
Found 21 arrows.
A hobgoblin comes into view.
The hobgoblin shouts!
An orc comes into view. It is wielding a +0 flail.
The orc shouts!
A hound skeleton comes into view.
You closely miss the orc. You block the orc's attack.
You hit the orc but do no damage. The orc closely misses you.
You hit the hobgoblin but do no damage. You block the hobgoblin's attack.
The orc hits you with a +0 flail!
You hit the hobgoblin. You burn the hobgoblin.
The hobgoblin is almost dead.
The hobgoblin barely misses you.
You hit the hobgoblin. You burn the hobgoblin.
You kill the hobgoblin!
The orc misses you.
You hit the orc. You burn the orc.
The orc is moderately wounded.
You block the orc's attack.
You closely miss the orc.
The orc is moderately wounded.
You block the orc's attack.
The hound skeleton completely misses you.
You barely miss the orc.
The orc is moderately wounded.
The hound skeleton bites you. The orc hits you but does no damage.
You hit the orc but do no damage.
The orc is moderately wounded.
You block the hound skeleton's attack. The orc hits you with a +0 flail!
You block the hound skeleton's attack.
You are too injured to fight recklessly!
You are too injured to fight recklessly!
You are too injured to fight recklessly!
You are too injured to fight recklessly!
You are too injured to fight recklessly!
You are too injured to fight recklessly!
You are too injured to fight recklessly!
You are too injured to fight recklessly!
You are too injured to fight recklessly!
You are too injured to fight recklessly!
You are too injured to fight recklessly!
You are too injured to fight recklessly!
You hit the orc but do no damage.
The orc is moderately wounded.
You block the orc's attack. The hound skeleton bites you.
You closely miss the orc.
The orc is moderately wounded.
The orc barely misses you. The hound skeleton barely misses you.
You closely miss the orc.
The orc is moderately wounded.
You block the hound skeleton's attack. The orc hits you with a +0 flail.
* * * LOW HITPOINT WARNING * * *
You closely miss the orc.
The orc is moderately wounded.
The hound skeleton completely misses you.
You block the orc's attack.
Casting: Scorch (safe; 9% risk of failure)
Confirm with . or Enter, or press ? or * to list all spells.
You feel a surge of power!
Flames lash the hound skeleton.
The hound skeleton is lightly damaged.
The hound skeleton's fire resistance burns away.
You block the hound skeleton's attack. The orc hits you with a +0 flail!
* * * LOW HITPOINT WARNING * * *
You block the hound skeleton's attack.
Casting: Scorch (safe; 9% risk of failure)
Confirm with . or Enter, or press ? or * to list all spells.
You feel a surge of power!
Flames lash the orc.
The orc is severely wounded.
The orc's fire resistance burns away.
The hound skeleton barely misses you. The orc hits you with a +0 flail.
* * * LOW HITPOINT WARNING * * *
Casting: Scorch (safe; 9% risk of failure)
Confirm with . or Enter, or press ? or * to list all spells.
You feel a surge of power!
Flames lash the orc.
The orc is burned terribly!
You kill the orc!
The hound skeleton closely misses you.
Training target 4.0 for Shields reached!
Your Shields skill increases to level 4!
You hit the hound skeleton. You burn the hound skeleton.
The hound skeleton is moderately damaged.
The hound skeleton is no longer more vulnerable to fire.
You block the hound skeleton's attack. The hound skeleton bites you.
* * * LOW HITPOINT WARNING * * *
Casting: Scorch (safe; 9% risk of failure)
Confirm with . or Enter, or press ? or * to list all spells.
You don't have enough magic to cast this spell.
You hit the hound skeleton. You burn the hound skeleton.
The hound skeleton is severely damaged.
You block the hound skeleton's attack.
You hit the hound skeleton. You burn the hound skeleton.
The hound skeleton is almost destroyed.
The hound skeleton closely misses you.
You hit the hound skeleton. You burn the hound skeleton.
You destroy the hound skeleton!
You start resting.
Magic restored.
You start resting.
HP restored.
Found a stone staircase leading down.
Things that are here:
a +0 flail; a +0 ring mail
Found a helmet.
A gnoll comes into view. It is wielding a +0 flail.
You see here 15 gold pieces.
A gnoll is nearby!
You now have 197 gold pieces (gained 15).
You feel a surge of power!
Flames lash the gnoll.
The gnoll is moderately wounded.
The gnoll's fire resistance burns away.
You hear a shout!
You feel a surge of power!
Flames lash the gnoll.
The gnoll is burned terribly!
You kill the gnoll!
A gnoll comes into view. It is wielding a +0 whip.
A gnoll comes into view. It is wielding a +0 spear.
The gnoll shouts!
You feel a surge of power!
You miscast Scorch.
You are very lightly contaminated with residual magic.
Nothing appears to happen.
A gnoll comes into view. It is wielding a +0 flail.
You don't have enough magic to cast this spell.
Hop to where?
Press: ? - help, Dir - move target Boing!
The gnoll throws a throwing net.
You reflect the throwing net off an invisible shield around you!
The throwing net hits the gnoll.
The gnoll is caught in the net!
The gnoll struggles against the net.
Your magical contamination has completely faded away.
The gnoll shouts!
Things that are here:
a +0 flail; a +0 ring mail You hit the gnoll.
You burn the gnoll.
The gnoll is moderately wounded.
The gnoll misses you.
You hit the gnoll but do no damage.
The gnoll is moderately wounded.
The gnoll barely misses you.
You hit the gnoll. You burn the gnoll.
The gnoll is severely wounded.
The gnoll hits you with a +0 whip.
You barely miss the gnoll.
The gnoll is severely wounded.
The gnoll closely misses you.
You barely miss the gnoll.
The gnoll is severely wounded.
The gnoll hits you with a +0 whip.
You completely miss the gnoll.
The gnoll is severely wounded.
You closely miss the gnoll.
The gnoll is severely wounded.
The gnoll hits you with a +0 flail. The gnoll hits you with a +0 whip.
You hit the gnoll. You burn the gnoll.
You kill the gnoll!
You block the gnoll's attack.
You barely miss the gnoll. The gnoll barely misses you.
You block the gnoll's attack.
Casting: Scorch (safe; 9% risk of failure)
Confirm with . or Enter, or press ? or * to list all spells.
You feel a surge of power!
Flames lash the gnoll.
The gnoll is severely wounded.
The gnoll's fire resistance burns away.
The gnoll hits you from afar with a +0 spear.
You block the gnoll's attack.
Casting: Scorch (safe; 9% risk of failure)
Confirm with . or Enter, or press ? or * to list all spells.
You feel a surge of power!
Flames lash the gnoll.
The gnoll is heavily wounded.
The gnoll's fire resistance burns away.
* * * LOW MAGIC WARNING * * *
The gnoll throws a throwing net.
The throwing net hits you.
You become entangled in the net!
The gnoll hits you with a +0 flail.
You struggle against the net.
The gnoll hits you from afar with a +0 spear.
The gnoll hits you with a +0 flail!
* * * LOW HITPOINT WARNING * * *
Okay, then.
Okay, then.
Okay, then.
It was a potion of curing.
You feel better.
The gnoll hits you from afar with a +0 spear.
* * * LOW HITPOINT WARNING * * *
The gnoll closely misses you.
You feel better.
The gnoll hits you from afar with a +0 spear!
* * * LOW HITPOINT WARNING * * *
The gnoll hits you with a +0 flail.
* * * LOW HITPOINT WARNING * * *
You struggle against the net.
The gnoll is no longer more vulnerable to fire. x2
The gnoll hits you from afar with a +0 spear!
* * * LOW HITPOINT WARNING * * *
The gnoll hits you but does no damage.
You feel better. The gnoll hits you but does no damage.
The gnoll hits you with a +0 flail!
* * * LOW HITPOINT WARNING * * *
You struggle against the net.
You are ready to hop once more.
The gnoll hits you but does no damage. The gnoll barely misses you.
Okay, then.
You cannot do that while held in a net.
You aren't carrying any items that you can evoke.
Okay, then.
It was a potion of berserk rage.
A red film seems to cover your vision as you go berserk!
You feel yourself moving faster!
You feel mighty!
The gnoll hits you from afar with a +0 spear.
* * * LOW HITPOINT WARNING * * *
The gnoll hits you with a +0 flail!
You die...

.............#....#
#............#...#
##...........##.##
............####
............# ..........>#
........g#### ..
###.(...g.##.### ...
.##.......)@.....# #..
.................#### ..
.. .........(#........#
###.# #............#....#
.....###...........##....#
.....#.#...........##...##
.................(..##..#
..##...#.............####
..##...........##....#


You could see 2 gnolls.

Vanquished Creatures
  The ghost of BeowulfAlex the Sneak, a weakling NaDe (D:2)
  Jessica (D:2)
  A killer bee zombie (D:3)
  A hound skeleton (D:4)
  Robin (D:3)
  10 gnolls
  2 adders
  A white imp (D:2)
  2 dart slugs (D:1)
  An adder simulacrum (D:3)
  2 orcs
  8 ball pythons
  7 endoplasms
  2 giant cockroaches
  12 goblins
  7 hobgoblins
  2 jackals (D:1)
  10 kobolds
  4 quokkas
  A ball python simulacrum (D:3)
  A bat (D:1)
  A frilled lizard (D:1)
  A giant cockroach simulacrum (D:3)
  A quokka simulacrum (D:3)
  3 rats
83 creatures vanquished.

Vanquished Creatures (others)
  2 fungi (D:1)
  A plant (D:1)
3 creatures vanquished.

Grand Total: 86 creatures vanquished

Notes
Turn   | Place    | Note
-------+----------+-------------------------------------------
     0 | D:1      | sleeves the Barachi Cinder Acolyte began the quest for the
                  | Orb.
     0 | D:1      | Reached XP level 1. HP: 18/18 MP: 2/2
    16 | D:1      | HP: 5/18 [dart slug/slug dart (6)]
   392 | D:1      | Reached XP level 2. HP: 21/24 MP: 3/3
   393 | D:1      | Reached skill level 4 in Long Blades
   470 | D:1      | HP: 10/24 [kobold (4)]
   477 | D:1      | Learned a level 2 spell: Scorch
   869 | D:1      | Found a faded altar of an unknown god.
  1048 | D:1      | Reached XP level 3. HP: 27/29 MP: 4/4
  1050 | D:1      | Reached skill level 4 in Fire Magic
  2143 | D:3      | Noticed Jessica
  2149 | D:2      | HP: 11/29 [Jessica/nerve-wracking pain (6)]
  2150 | D:2      | Killed Jessica
  2151 | D:2      | Reached skill level 1 in Shields
  2151 | D:2      | Reached XP level 4. HP: 14/36 MP: 0/5
  2332 | D:3      | Reached skill level 5 in Long Blades
  2568 | D:3      | Reached skill level 2 in Shields
  2611 | D:3      | Noticed BeowulfAlex's ghost (weakling NaDe)
  2628 | D:3      | Found a runed translucent gate.
  2628 | D:3      | Found a runed translucent gate.
  2639 | D:3      | Found a runed translucent gate.
  2947 | D:3      | Reached XP level 5. HP: 41/41 MP: 1/6
  3021 | D:3      | Found a white marble altar of Elyvilon.
  3037 | D:3      | Found a snail-covered altar of Cheibriados.
  3052 | D:3      | Noticed Robin
  3118 | D:3      | Reached skill level 3 in Shields
  3271 | D:3      | Found a shimmering blue altar of Sif Muna.
  3503 | D:3      | HP: 20/41 [Robin (1)]
  3505 | D:3      | Killed Robin
  3722 | D:2      | HP: 16/41 [BeowulfAlex's ghost (5)]
  3724 | D:2      | Killed BeowulfAlex's ghost
  3725 | D:2      | Reached skill level 6 in Long Blades
  3725 | D:2      | Reached XP level 6. HP: 19/47 MP: 0/7
  4070 | D:4      | HP: 22/47 [gnoll (11)]
  4512 | D:4      | HP: 22/47 [orc (5)]
  4515 | D:4      | HP: 10/47 [orc (5)]
  4517 | D:4      | Reached skill level 4 in Shields
  4854 | D:4      | HP: 16/47 [gnoll (11)]
  4857 | D:4      | HP: 5/47 [gnoll (8)]
  4860 | D:4      | HP: 2/70 [gnoll (6)]
  4860 | D:4      | Mangled by a gnoll

Illustrated notes

Levels and vault maps discovered:
D:1:      dpeg_arrival_round_c, layout_basic,
          shapermc_ecumenical_altar_mp_urbaneastern
D:2:      layout_loops_ring
D:3:      layout_loops_cross, led_sif_pool, mainiacjoe_overflow_catwalk_spiral,
          gammafunk_ghost_icy, eino_tiny_chamber, uniq_robin, uniq_jessica
D:4:      layout_cave_pools, eat_drink_and_be_merry_uskayaw

Skill      XL: |  1  2  3  4  5  6 |
---------------+-------------------+-----
Long Blades    | 4 5 6 |  6.6
Fire Magic     | 4 |  4.0
Shields        | 1 2 3 4 |  4.0
Fighting       | |  3.6
Spellcasting   | |  1.1

Action                   |  1- 3 |  4- 6 || total
-------------------------+-------+-------++-------
Melee: Falchion          |    25 |       ||    25
       Dagger            |    51 |       ||    51
       Short sword       |    28 |   115 ||   143
 Cast: Scorch            |     7 |    41 ||    48
 Abil: Hop               |       |     3 ||     3
  Use: Potion            |       |     4 ||     4
Armor: Robe              |    18 |       ||    18
       Leather armour    |       |    22 ||    22
Dodge: Dodged            |    49 |    58 ||   107
Block: Buckler           |       |    50 ||    50
       Reflection        |       |     6 ||     6

Table legend: (Time is in decaauts)
 A = Elapsed time spent in this place.
 B = Non-inter-level travel time spent in this place.
 C = Inter-level travel time spent in this place.
 D = Time resting spent in this place.
 E = Time spent auto-exploring this place.
 F = Levels seen in this place.
 G = Mean time per level.
                   A        B        C        D        E       F      G
               +--------+--------+--------+--------+--------+-----+--------+
         Total |   5274 |   5101 |    173 |   1435 |   2939 |   4 | 1318.5 |
       Dungeon |   5274 |   5101 |    173 |   1435 |   2939 |   4 | 1318.5 |
               +--------+--------+--------+--------+--------+-----+--------+

Top non-repeatable levels by time:
     D:3: 1918 daAuts
     D:1: 1585 daAuts
     D:2: 1205 daAuts
     D:4: 564 daAuts
